Map: Jagannatha LE

Players

Trap - Winner!

  • Race: Protoss Protoss
  • League: Master

DPGZest (Zest)

  • Race: Protoss Protoss

Event: TSL 7

VOD

Have the link to the VOD?

Description

Time

  • Played on: June 26, 2021, 10:15 a.m.
  • Length: 9:20

All games in this series

Show
View Real Time Build Order
Export as new Build Order

Trap Protoss - Winner!

Build Orders:  

Get SALT Encoding   

  12  0:00  Probe  
  13  0:12  Probe  
  14  0:17  Pylon  
  14  0:24  Probe (Chrono Boost)  
  15  0:36  Probe (Chrono Boost)  
  15  0:37  Gateway  
  16  0:45  Probe (Chrono Boost)  
  16  0:46  Assimilator  
  17  0:50  Probe  
  18  0:58  Assimilator  
  18  1:03  Probe (Chrono Boost)  
  19  1:12  Gateway  
  19  1:13  Probe (Chrono Boost)  
  19  1:18  Probe (Chrono Boost)  
  20  1:24  Cybernetics Core  
  21  1:29  Probe  
  22  1:34  Pylon  
  22  1:41  Probe  
  23  1:53  Probe  
  24  1:57  Warp Gate (Chrono Boost)  
  24  2:00  Stalker  
  26  2:03  Sentry  
  28  2:10  Pylon  
  28  2:29  Stalker  
  30  2:30  Stalker  
  31  2:45  Nexus  
  31  2:53  Pylon  
  31  2:55  Probe  
  32  2:59  Sentry  
  32  3:02  Sentry  
  36  3:08  Probe  
  37  3:13  Shield Battery  
  37  3:21  Robotics Facility  
  37  3:30  Shield Battery  
  37  3:40  Stalker  
  35  3:43  Stalker  
  37  4:04  Stalker  
  37  4:06  Immortal (Chrono Boost)  
  43  4:16  Stalker  
  39  4:35  Immortal (Chrono Boost)  
  43  4:40  Stalker  
  43  4:41  Phoenix  
  45  4:45  Zealot  
  47  5:05  Immortal (Chrono Boost)  
  47  5:06  Probe  
  48  5:07  Probe  
  52  5:19  Probe x2  
  54  5:27  Sentry  
  54  5:28  Pylon  
  58  5:36  Warp Prism (Chrono Boost)  
  58  5:44  Pylon  
  58  5:56  Stalker  
  60  5:57  Stalker  
  62  6:07  Immortal (Chrono Boost)  
  66  6:24  Zealot x2  
  70  6:32  Gateway  
  70  6:40  Immortal (Chrono Boost)  
  74  6:48  Pylon  
  74  7:00  Stalker x2  
  78  7:07  Stargate  
  78  7:12  Probe  
  78  7:13  Probe  
  80  7:16  Observer  
  80  7:19  Pylon  
  81  7:35  Adept x3  
  79  7:44  Probe x2  
  79  7:51  Phoenix (Chrono Boost)  
  83  7:58  Adept x2  
  87  8:11  Pylon  
  87  8:15  Pylon  
  87  8:16  Phoenix  
  75  8:24  Adept  
  75  8:25  Adept  
  76  8:33  Shield Battery  
  64  8:48  Zealot, Stalker x2  
  48  9:09  Stalker  
Show
View Real Time Build Order
Export as new Build Order

DPGZest Protoss 

Build Orders:  

Get SALT Encoding   

  12  0:00  Probe  
  13  0:12  Probe  
  14  0:17  Pylon  
  14  0:24  Probe (Chrono Boost)  
  15  0:36  Gateway, Probe (Chrono Boost)  
  16  0:44  Probe (Chrono Boost)  
  16  0:46  Assimilator  
  17  0:51  Probe  
  17  0:54  Assimilator  
  18  1:03  Probe (Chrono Boost)  
  19  1:07  Gateway  
  19  1:12  Probe (Chrono Boost)  
  19  1:17  Probe (Chrono Boost)  
  20  1:23  Cybernetics Core  
  21  1:29  Probe  
  22  1:33  Pylon  
  22  1:41  Probe  
  23  1:57  Warp Gate (Chrono Boost)  
  23  2:00  Stalker x2  
  27  2:04  Pylon  
  27  2:30  Stalker x2  
  27  2:35  Robotics Facility  
  31  2:42  Gateway  
  31  2:59  Stalker  
  31  3:00  Stalker  
  31  3:02  Pylon  
  35  3:19  Warp Prism (Chrono Boost)  
  35  3:47  Stalker x3  
  37  4:03  Observer  
  38  4:11  Stalker x3  
  44  4:17  Pylon  
  42  4:37  Stalker x2  
  42  4:38  Stalker  
  48  4:57  Robotics Bay  
  48  5:00  Observer  
  48  5:11  Observer  
  48  5:13  Immortal (Chrono Boost)  
  50  5:31  Gateway  
  50  5:41  Disruptor (Chrono Boost)  
  50  5:44  Observer  
  53  5:50  Pylon  
  53  5:54  Pylon  
  53  6:10  Disruptor  
  56  6:18  Zealot x3  
  56  6:22  Pylon  
  62  6:33  Adept  
  62  6:34  Pylon  
  64  6:46  Adept x3  
  70  6:53  Adept  
  72  7:12  Sentry, Stalker x2  
  68  7:45  Adept x4  
  76  8:08  Adept x4  
  68  8:39  Adept x4  
Tags
 
Event
TSL 7
League
Master
Matchup
PvP
Player
TrapZest
Add a new tag
Caveats
  • Supply blocks, unpowered buildings, or Contaminate may cause inaccurate times.
  • Supply counts are checked every 10 seconds.